%YAML 1.1
%TAG !u! tag:unity3d.com,2011:
--- !u!114 &11400000
MonoBehaviour:
  m_ObjectHideFlags: 0
  m_CorrespondingSourceObject: {fileID: 0}
  m_PrefabInstance: {fileID: 0}
  m_PrefabAsset: {fileID: 0}
  m_GameObject: {fileID: 0}
  m_Enabled: 1
  m_EditorHideFlags: 0
  m_Script: {fileID: 11500000, guid: 15f0118ce50c1894487d3c82fab5e80a, type: 3}
  m_Name: "I2e - Klaunsk\xFD nos"
  m_EditorClassIdentifier: 
  nodes:
  - {fileID: 114643862986608198}
  - {fileID: 114043395064521608}
  connections:
  - {fileID: 114916622106140684}
  i: 2
  corruptionReport: 
--- !u!114 &114015056687595758
MonoBehaviour:
  m_ObjectHideFlags: 0
  m_CorrespondingSourceObject: {fileID: 0}
  m_PrefabInstance: {fileID: 0}
  m_PrefabAsset: {fileID: 0}
  m_GameObject: {fileID: 0}
  m_Enabled: 1
  m_EditorHideFlags: 0
  m_Script: {fileID: 11500000, guid: 92897b83d3ac44d4fb3722cc5d2189d2, type: 3}
  m_Name: "I2e - Klaunsk\xFD nos-R-1-outPort"
  m_EditorClassIdentifier: 
  Direction: 1
  attachedToNode: {fileID: 114043395064521608}
  centerInAbsolute: {x: 560.7999, y: 178.59998}
  connections: []
  buttonRectInRelative:
    serializedVersion: 2
    x: 238
    y: 25
    width: 12
    height: 12
--- !u!114 &114043395064521608
MonoBehaviour:
  m_ObjectHideFlags: 0
  m_CorrespondingSourceObject: {fileID: 0}
  m_PrefabInstance: {fileID: 0}
  m_PrefabAsset: {fileID: 0}
  m_GameObject: {fileID: 0}
  m_Enabled: 1
  m_EditorHideFlags: 0
  m_Script: {fileID: 11500000, guid: a369827a53a8b544fac030b468de9f7b, type: 3}
  m_Name: "I2e - Klaunsk\xFD nos-R-1"
  m_EditorClassIdentifier: 
  uniqueId: "I2e - Klaunsk\xFD nos-R-1"
  nameWithinDialog: R-1
  parentGraph: {fileID: 11400000}
  inPort: {fileID: 114597194799140718}
  outPorts:
  - {fileID: 114015056687595758}
  pointsTo: []
  position: {x: 0, y: 0}
  rect:
    serializedVersion: 2
    x: 316.79996
    y: 147.59998
    width: 250
    height: 150
  isDragged: 0
  isSelected: 1
  nodeNameRect:
    serializedVersion: 2
    x: 15
    y: 10
    width: 146
    height: 30
  corruptionReport: 
  speaker: {fileID: 11400000, guid: bd4269cbd9a00b64fa93d3034e3bb339, type: 2}
  replicAudio: {fileID: 0}
  scroll: {x: 0, y: 0}
  currentLang: 0
  translation:
    cs: "M\u016Fj \u010Derven\xFD klaunsk\xFD nos"
    en: 
--- !u!114 &114561344659597740
MonoBehaviour:
  m_ObjectHideFlags: 0
  m_CorrespondingSourceObject: {fileID: 0}
  m_PrefabInstance: {fileID: 0}
  m_PrefabAsset: {fileID: 0}
  m_GameObject: {fileID: 0}
  m_Enabled: 1
  m_EditorHideFlags: 0
  m_Script: {fileID: 11500000, guid: 92897b83d3ac44d4fb3722cc5d2189d2, type: 3}
  m_Name: "I2e - Klaunsk\xFD nos-EP-0-outPort"
  m_EditorClassIdentifier: 
  Direction: 1
  attachedToNode: {fileID: 114643862986608198}
  centerInAbsolute: {x: 224, y: 181}
  connections:
  - {fileID: 114916622106140684}
  buttonRectInRelative:
    serializedVersion: 2
    x: 168
    y: 25
    width: 12
    height: 12
--- !u!114 &114597194799140718
MonoBehaviour:
  m_ObjectHideFlags: 0
  m_CorrespondingSourceObject: {fileID: 0}
  m_PrefabInstance: {fileID: 0}
  m_PrefabAsset: {fileID: 0}
  m_GameObject: {fileID: 0}
  m_Enabled: 1
  m_EditorHideFlags: 0
  m_Script: {fileID: 11500000, guid: 92897b83d3ac44d4fb3722cc5d2189d2, type: 3}
  m_Name: "I2e - Klaunsk\xFD nos-R-1-inPort"
  m_EditorClassIdentifier: 
  Direction: 0
  attachedToNode: {fileID: 114043395064521608}
  centerInAbsolute: {x: 322.79996, y: 178.59998}
  connections:
  - {fileID: 114916622106140684}
  buttonRectInRelative:
    serializedVersion: 2
    x: 0
    y: 25
    width: 12
    height: 12
--- !u!114 &114643862986608198
MonoBehaviour:
  m_ObjectHideFlags: 0
  m_CorrespondingSourceObject: {fileID: 0}
  m_PrefabInstance: {fileID: 0}
  m_PrefabAsset: {fileID: 0}
  m_GameObject: {fileID: 0}
  m_Enabled: 1
  m_EditorHideFlags: 0
  m_Script: {fileID: 11500000, guid: d687dbdf673d5ab4391e7faf19ac9f58, type: 3}
  m_Name: "I2e - Klaunsk\xFD nos-EP-0"
  m_EditorClassIdentifier: 
  uniqueId: "I2e - Klaunsk\xFD nos-EP-0"
  nameWithinDialog: EP-0
  parentGraph: {fileID: 11400000}
  inPort: {fileID: 0}
  outPorts:
  - {fileID: 114561344659597740}
  pointsTo: []
  position: {x: 0, y: 0}
  rect:
    serializedVersion: 2
    x: 50
    y: 150
    width: 180
    height: 100
  isDragged: 0
  isSelected: 0
  nodeNameRect:
    serializedVersion: 2
    x: 15
    y: 10
    width: 100
    height: 30
  corruptionReport: 
  note: 
--- !u!114 &114916622106140684
MonoBehaviour:
  m_ObjectHideFlags: 0
  m_CorrespondingSourceObject: {fileID: 0}
  m_PrefabInstance: {fileID: 0}
  m_PrefabAsset: {fileID: 0}
  m_GameObject: {fileID: 0}
  m_Enabled: 1
  m_EditorHideFlags: 0
  m_Script: {fileID: 11500000, guid: c83906d02ff79e44a87686bb3e9d622c, type: 3}
  m_Name: "I2e - Klaunsk\xFD nos-EP-0 -- I2e - Klaunsk\xFD nos-R-1"
  m_EditorClassIdentifier: 
  inPort: {fileID: 114561344659597740}
  outPort: {fileID: 114597194799140718}
